 Dungeon Crawl Stone Soup version 0.23.2-30-g0e89c35649 (webtiles) character file.

Game seed: 1942710261073011523

30 Masnef the Caller (level 3, -1/19 HPs)
             Began as a Deep Elf Summoner on June 24, 2019.
             Slain by an iguana (9 damage)
             ... on level 4 of the Dungeon.
             The game lasted 00:04:34 (1913 turns).

Masnef the Caller (Deep Elf Summoner)               Turns: 1913, Time: 00:04:35

Health: -1/19      AC:  3    Str:  5    XL:     3   Next: 3%
Magic:  4/9        EV: 13    Int: 20    God:
Gold:   49         SH:  0    Dex: 15    Spells: 5/8 levels left

rFire    + . .     SeeInvis .   f - +0 short sword
rCold    x . .     Gourm    .   (no shield)
rNeg     . . .     Faith    .   a - +0 robe
rPois    .         Spirit   .   m - +0 helmet
rElec    .         Reflect  .   (no cloak)
rCorr    +         Harm     .   (no gloves)
MR       .....                  (no boots)
Stlth    +.........             (no amulet)
HPRegen  0.06/turn              b - ring of resist corrosion
MPRegen  0.11/turn              d - ring of fire

@: very slow
A: no striking features
a: no special abilities


You were on level 4 of the Dungeon.
You were very hungry.

You visited 1 branch of the dungeon, and saw 3 of its levels.

You collected 49 gold pieces.

Inventory:

Hand Weapons
 f - a +0 short sword (weapon)
Armour
 a - a +0 robe (worn)
 e - a cursed +0 shield
 m - a +0 helmet (worn)
Jewellery
 b - a ring of resist corrosion (left hand)
 d - a ring of fire (right hand)
Scrolls
 h - a scroll of identify {unknown}
 k - a scroll of remove curse {unknown}
Potions
 g - a potion of haste {unknown}
 i - a potion of cancellation {unknown}
 j - a potion of might {unknown}
 l - a potion of lignification {unknown}
Comestibles
 c - 2 rations


   Skills:
 * Level 0.2 Short Blades
 - Level 2.4 Dodging
 * Level 2.7 Stealth
 - Level 3.0 Spellcasting
 + Level 5.3 Summonings


You had 5 spell levels left.
You knew the following spells:

 Your Spells              Type           Power        Failure   Level  Hunger
a - Summon Small Mammal   Summ           ###.         1%          1    None
b - Call Imp              Summ           ###.....     2%          2    ##.....

Your spell library contained the following spells:

 Spells                   Type           Power        Failure   Level  Hunger
 Call Canine Familiar     Summ           ###.....     4%          3    ###....
 Summon Guardian Golem    Hex/Summ       ##......     14%         3    ###....
 Summon Ice Beast         Ice/Summ       ##......     43%         4    ####...
 Summon Lightning Spire   Summ/Air       ##......     43%         4    ####...


Dungeon Overview and Level Annotations

Branches:
Dungeon (2/15)

Altars:


Message History

Casting: Call Imp (safe; 2% risk of failure)
Confirm with . or Enter, or press ? or * to list all spells.
The iguana misses you.
Your iron imp hits the iguana.
Your quokka bites the iguana but does no damage.
Your quokka closely misses the iguana.
The iguana bites your quokka.
Your quokka dies!
Your quokka's corpse disappears in a puff of smoke!
The iguana hisses angrily.
Casting: Summon Small Mammal (safe; 1% risk of failure)
Confirm with . or Enter, or press ? or * to list all spells.
A beastly little devil appears in a puff of frigid air.
Your iron imp disappears in a puff of smoke!
Your white imp gestures at the iguana.
The puff of frost misses the iguana.
There is an open door here.
You enter the shallow water.
Moving in this stuff is going to be slow.
The iguana bites you!
You die...

##.##.$#.###.#
#..[...#......
#.#.#.#.###.# #
#...........###
...#.#...>......
###+###....#.#####...
#≈≈≈≈≈#..#.#.# #.##
#≈≈≈≈≈#.#.##.# #.#.
#≈≈≈@≈#.#.##.# ##.#.
#≈≈l≈≈#.#.##.# #..#.
.#####Z###...##.# #..#.
..............##.# #..#
..#######...5.##.####..##
#.....5..........
#.....##..#######
##...###..# ##.......#


You could see an iguana and an adder skeleton.

Vanquished Creatures
  3 bats (D:1)
  2 giant cockroaches
  2 goblins (D:1)
  A hobgoblin (D:2)
  A frilled lizard (D:1)
9 creatures vanquished.

Vanquished Creatures (collateral kills)
  A hound skeleton (D:4)
  A leopard gecko (D:1)
  A bat (D:1)
  A giant cockroach (D:1)
  4 hobgoblins (D:1)
  A frilled lizard (D:2)
  A kobold (D:1)
  3 rats
13 creatures vanquished.

Grand Total: 22 creatures vanquished

Notes
Turn   | Place    | Note
-------+----------+-------------------------------------------
     0 | D:1      | Masnef the Deep Elf Summoner began the quest for the Orb.
     0 | D:1      | Reached XP level 1. HP: 10/10 MP: 6/6
   856 | D:1      | Reached XP level 2. HP: 10/15 MP: 4/8
   858 | D:1      | Reached skill level 5 in Summonings
   863 | D:1      | Learned a level 2 spell: Call Imp
  1587 | D:2      | You fall through a shaft for 2 floors!
  1628 | D:4      | Reached XP level 3. HP: 3/19 MP: 2/9
  1913 | D:4      | Slain by an iguana

Skill      XL: |  1  2 |
---------------+-------+-----
Summonings     | 5 |  5.3
Short Blades   | |  0.2
Dodging        | |  2.4
Stealth        | |  2.7
Spellcasting   | |  3.0

Action                   || total
-------------------------++-------
Melee: Unarmed           ||    19
       Club              ||     6
       Short sword       ||    30
 Cast: Summon Small Mamm ||    26
       Call Imp          ||     7
 Stab: Sleeping          ||     6
  Eat: Chunk             ||     2
Armor: Robe              ||    16
Dodge: Dodged            ||    72
